AoeStats
← [GDL] Maldito Pantoja

Coastal Forest

503297665Analyzed
4v4 RM · 1mo ago on Aug 31, 2026· 47m 18s· 8 players
Game mode
Random Map
Map size
Large (8 player)
Population
200
Speed
Normal
Resources
Standard
Victory
Conquest
Starting age
Dark Age
Ending age
Imperial Age
RankedLock teamsTeams togetherTeam positionsShared explorationLock speedFull tech treeHidden civsTurbo modeCheats
Victory
Defeat
🇨🇱 Romans · Chile
1390
+14
🇲🇽 Tatars · Mexico
1377
+14
🇲🇽 Mapuche · Mexico
1351
+16
🇲🇽 Saracens · Mexico
1340
+16
🇧🇪 Berbers · Belgium
1476
-21
🇵🇹 Tupi · Portugal
1371
-16
🇺🇸 Maya · United States
1354
-16
🇵🇹 Franks · Portugal
1165
-8
46631201
0:27 Loom
11:45 Feudal Age
15:25 Castle Age
13:35 Double-Bit Axe
15:51 Fletching
16:44 Bow Saw
16:29 Horse Collar
22:42 Medium Warships
24:50 Wheelbarrow
24:05 Town Watch
24:12 Gold Mining
24:23 Heavy Plow
32:16 Imperial Age
30:24 Stone Mining
30:46 Forging
31:31 Hand Cart
31:47 Scale Mail Armor
32:43 Iron Casting
33:46 Eagle Warrior
34:43 Chain Mail Armor
35:28 Blast Furnace
35:09 Squires
35:02 Arson
34:41 Elite Eagle Warrior
35:23 Squires
36:30 Bodkin Arrow
Pryda
7:28 Loom
9:55 Feudal Age
12:59 Horse Collar
13:07 Double-Bit Axe
21:40 Castle Age
21:43 Crossbowman
27:43 Fletching
42:25 Bloodlines
42:55 Husbandry
44:38 Scale Barding Armor
44:43 Forging
KRATOS | GOD OF WAR
6:10 Loom
11:52 Feudal Age
16:14 Double-Bit Axe
17:55 Scale Barding Armor
17:50 Scale Mail Armor
18:48 Scale Mail Armor
23:46 Castle Age
29:29 Stone Mining
32:20 Bow Saw
35:45 Gold Mining
37:10 Fletching
37:21 Padded Archer Armor
37:29 Husbandry
BARAKA wins!
9:17 Loom
11:03 Feudal Age
15:27 Castle Age
13:53 Double-Bit Axe
16:33 Scale Mail Armor
16:59 Bow Saw
21:29 Stone Mining
21:26 Horse Collar
25:19 Fletching
27:00 Gold Mining
27:33 Bodkin Arrow
29:08 Wheelbarrow
29:08 Padded Archer Armor
29:54 Heavy Plow
32:38 Gold Shaft Mining
31:55 Stone Mining
33:07 Hand Cart
34:27 Leather Archer Armor
39:47 Imperial Age
37:14 Champi Runner
39:09 Ballistics
38:47 Champi Warrior
39:47 Caciques
39:53 Squires
40:51 Conscription
40:49 Chain Mail Armor
40:44 Forging
41:01 Bracer
42:52 Plate Mail Armor
42:10 Elite Champi Warrior
44:14 Two-Man Saw
43:50 Iron Casting
44:28 Elite Champi Warrior
44:55 Elite Ibirapema Warrior
47:00 Chemistry
46:41 Curare
Dark Gundam
6:27 Loom
9:38 Feudal Age
12:38 Double-Bit Axe
14:31 Horse Collar
15:47 Scale Barding Armor
17:16 Wheelbarrow
18:17 Bloodlines
19:06 Gold Mining
19:45 Forging
21:07 Town Watch
24:04 Castle Age
22:30 Fletching
22:41 Padded Archer Armor
25:21 Gold Shaft Mining
24:10 Light Cavalry
24:50 Husbandry
25:25 Bow Saw
25:22 Bodkin Arrow
27:44 Leather Archer Armor
30:51 Hand Cart
32:09 Ballistics
38:08 Imperial Age
38:14 Heavy Cavalry Archer
38:58 Bracer
39:29 Ring Archer Armor
39:39 Capped Ram
42:04 Chemistry
42:47 Siege Ram
45:44 Chain Barding Armor
47:31 Siege Engineers
47:36 Caravan
[GDL] Maldito Pantoja
8:33 Loom
10:48 Feudal Age
12:15 Double-Bit Axe
19:15 Castle Age
17:41 Gold Mining
17:34 Horse Collar
18:28 Fletching
20:10 Medium Warships
24:18 Heavy Plow
25:42 Wheelbarrow
25:17 Bodkin Arrow
27:40 Bow Saw
28:09 Gold Shaft Mining
28:39 Stone Mining
33:33 Imperial Age
31:33 Scale Barding Armor
31:39 Forging
32:10 Bloodlines
32:01 Husbandry
32:48 Hand Cart
32:48 Town Watch
33:24 Chain Barding Armor
33:41 Iron Casting
35:00 Conscription
35:34 Plate Barding Armor
36:23 Blast Furnace
38:19 Town Patrol
38:35 Elite Mameluke
40:17 Padded Archer Armor
41:02 Coinage
41:28 Bracer
41:43 Leather Archer Armor
43:59 Ballistics
44:39 Chemistry
43:21 Treadmill Crane
43:51 Masonry
46:07 Fortified Wall
De_Aztek
7:51 Loom
10:20 Feudal Age
11:45 Double-Bit Axe
17:10 Castle Age
15:26 Gold Mining
16:03 Fletching
18:39 Bow Saw
19:08 Bodkin Arrow
25:13 Wheelbarrow
24:48 Padded Archer Armor
26:10 Leather Archer Armor
36:25 Gold Shaft Mining
37:03 Hand Cart
36:34 Town Watch
40:39 Imperial Age
39:58 Forging
39:48 Scale Mail Armor
39:53 Malon
40:17 Ballistics
39:37 Treadmill Crane
41:41 Conscription
40:47 Elite Bolas Rider
43:05 Chemistry
42:02 Murder Holes
42:12 Siege Engineers
43:25 Stone Mining
43:16 Horse Collar
GunsNroses
8:41 Loom
10:44 Feudal Age
11:56 Man-at-Arms
13:45 Scale Mail Armor
16:50 Forging
22:33 Castle Age
20:52 Horse Collar
22:32 Gold Mining
22:31 Double-Bit Axe
23:31 Chain Mail Armor
22:38 Long Swordsman
24:17 Squires
29:03 Ballistics
31:01 Forging
32:24 Bow Saw
36:21 Imperial Age
35:15 Iron Casting
37:01 Legionary
39:38 Blast Furnace
40:05 Heavy Scorpion
42:13 Chemistry
41:57 Gold Shaft Mining
41:35 Capped Ram
43:35 Ballistas
44:23 Siege Engineers
45:30 Wheelbarrow
44:40 Town Watch
45:53 Siege Ram
48:10 Conscription
Connection lost

Rejoining the realm…

Still unreachable

The connection could not be restored.

Session expired

The server has moved on; the page needs a fresh start.